 Dungeon Crawl Stone Soup version 0.28-a0-998-gb9e9c7b67e (webtiles) character file.

Game seed: 4701943453594788195

11086 ragingrage the Destroyer (level 11, -4/117 HPs)
             Began as an Ogre Fire Elementalist on Dec 5, 2021.
             Was a Believer of Vehumet.
             Slain by a boulder beetle (19 damage)
             ... on level 10 of the Dungeon.
             The game lasted 00:17:25 (15692 turns).

ragingrage the Destroyer (Ogre Fire Elementalist)  Turns: 15692, Time: 00:17:26

Health: -4/117     AC:  7    Str: 19    XL:     11   Next: 72%
Magic:  11/28      EV:  9    Int: 29    God:    Vehumet [**....]
Gold:   76         SH:  0    Dex:  9    Spells: 9/21 levels left

rFire   . . .      SeeInvis +   L - +4 spear "Ropnock" {vorpal, Str+5 Int+9}
rCold   . . .      Faith    .   (no shield)
rNeg    . . .      Spirit   .   I - +2 robe {Archmagi}
rPois   .          Reflect  .   k - +1 hat
rElec   .          Harm     .   A - +0 cloak
rCorr   .          Rampage  .   (gloves unavailable)
Will    +....      Archmagi +   (boots unavailable)
Stlth   +.........              (no amulet)
HPRegen 0.29/turn               M - ring of magical power
MPRegen 0.21/turn               d - ring of see invisible

@: no status effects
A: large, unfitting armour, tough skin 1
a: Renounce Religion


You were on level 10 of the Dungeon.
You worshipped Vehumet.
Vehumet was pleased with you.
You visited 1 branch of the dungeon, and saw 11 of its levels.

You collected 438 gold pieces.
You spent 362 gold pieces at shops.

Inventory:

Hand Weapons
 L - the +4 spear "Ropnock" (weapon) {vorpal, Str+5 Int+9}
   (You bought it in a shop on level 4 of the Dungeon)

   It inflicts extra damage upon your enemies.
   Str:       It affects your strength (+5).
   Int:       It affects your intelligence (+9).
Missiles
 q - 35 poisoned darts (quivered)
 J - a curare-tipped dart
 K - a throwing net
Armour
 k - a +1 hat (worn)
 A - a +0 cloak (worn)
 I - a +2 robe of the Archmagi (worn)
Jewellery
 d - a ring of see invisible (right hand)
 D - a ring of protection from cold
 F - a ring of magical power
 M - a ring of magical power (left hand)
Wands
 b - a wand of iceblast (3)
 m - a wand of acid (11)
 p - a wand of flame (52)
 C - a wand of paralysis (10)
 E - a wand of polymorph (3)
 G - a wand of mindburst (13)
Scrolls
 f - 5 scrolls of teleportation
 t - a scroll of summoning
 w - a scroll of vulnerability
 B - 5 scrolls of identify
Potions
 e - 3 potions of haste
 g - 3 potions of brilliance
 h - a potion of degeneration {unknown}
 i - 2 potions of heal wounds
 l - a potion of berserk rage
 n - a potion of magic {unknown}
 o - 4 potions of curing
 r - a potion of resistance {unknown}
 s - a potion of cancellation
 u - a potion of flight {unknown}
 v - a potion of might {unknown}
 z - a potion of lignification
 H - 2 potions of mutation {unknown}


   Skills:
 - Level 10.0 Fighting
 - Level 1.7 Dodging
 - Level 1.4 Stealth
 + Level 5.5 Spellcasting
 + Level 11.1 Conjurations
 - Level 3.0 Translocations
 + Level 11.1 Fire Magic


You had 9 spell levels left.
You knew the following spells:

 Your Spells              Type           Power      Damage    Failure   Level
a - Foxfire               Conj/Fire      100%       2x1d9     1%          1
b - Scorch                Fire           100%       2d10      1%          2
c - Conjure Flame         Conj/Fire      83%        6-21      1%          3
d - Flame Wave            Conj/Fire      83%        2d12      1%          4
e - Blink                 Tloc           76%        N/A       2%          2

Your spell library contained the following spells:

 Spells                   Type           Power      Damage    Failure   Level
 Magic Dart               Conj           100%       1d8       1%          1
 Inner Flame              Hex/Fire       57%        N/A       1%          3
 Lesser Beckoning         Tloc           38%        N/A       5%          3
 Animate Skeleton         Necr           24%        N/A       6%          1
 Pain                     Necr           48%        1d6       6%          1
 Vampiric Draining        Necr           12%        2d6       19%         3
 Manifold Assault         Tloc           38%        N/A       43%         5
 Cause Fear               Hex            6%         N/A       52%         4
 Discord                  Hex            6%         N/A       100%        8


Dungeon Overview and Level Annotations

Branches:
Dungeon (11/15)            Temple (0/1) D:4            Lair (0/6) D:10
    Orc: D:9-12

Altars:
Dithmenos
Elyvilon
Gozag
Makhleb
Ru
Trog
Vehumet

Shops:
D:1 =   D:2 [   D:4 =((!   D:5 =   D:6 ?   D:7 *

Annotations:
D:5 exclusion: downstairs
D:10 exclusion: downstairs


Innate Abilities, Weirdness & Mutations

You are too large for most types of armour.
You have tough skin. (AC +1)


Message History

Casting: Flame Wave (mildly dangerous; 1% risk of failure)
Press: ? - help, Dir - look around, f - activate You feel a surge of power!
A wave of flame ripples out! (Press . to intensify the flame waves.)
The killer bee stings you.
* * * LOW HITPOINT WARNING * * *
A wave of flame ripples out!
The flame wave engulfs the killer bee!
You kill the killer bee!
Vehumet accepts your kill.
Vehumet offers you knowledge of Magic Dart.
The flame wave engulfs the slime creature!
The slime creature is heavily wounded.
You feel stable enough to blink again.
A wave of flame ripples out!
The flame wave engulfs the slime creature!!
The slime creature is severely wounded.
The flame wave engulfs the troll!
The troll is lightly wounded.
You finish channelling waves of flame.
The slime creature hits you!
* * * LOW HITPOINT WARNING * * *
Unknown command.
As you read the scroll of fear, it crumbles to dust.
You assume a fearsome visage.
The killer bee looks frightened!
The slime creature looks frightened!
The troll looks frightened!
A boulder beetle comes into view.
There is a stone staircase leading up here.
The boulder beetle bites you but does no damage.
You climb upwards.
Level annotation: exclusion: downstairs
There is a stone staircase leading down here.
Casting: Flame Wave (mildly dangerous; 1% risk of failure)
Confirm with . or Enter, or press ? or * to list all spells.
You feel a surge of power!
You blink.
The boulder beetle curls into a ball and begins rolling!
You feel stable enough to blink again. The boulder beetle misses you.
The boulder beetle stops rolling and uncurls.
The boulder beetle curls into a ball and begins rolling!
The boulder beetle hits you!!
You die...

>.≈≈≈≈≈≈#......#............#.###
..≈≈≈≈≈≈.......##..#...)...####
..≈≈≈≈≈≈........#.##.......##
..≈≈≈≈≈.##..................####
..≈≈≈≈..##.....................#
.≈≈.≈≈.....##..##.##...........#
.≈≈≈[.≈....######.###.......[.##
.≈≈≈≈......####...............#
)≈≈≈.≈.......°○B@##..<........#
.≈≈≈.≈......####.##...........#
.≈≈.....##..[###.............###
.........###..##.....<.......#.#
......(.......###......##......##
..##...#..|##.........###..###..#
#......#..##..........##..#######
###......###...####....#.## #..#.
.####...##.....###.......####..#.


You could see a boulder beetle (rolling).

Vanquished Creatures
  A hydra (D:11)
  Erica (D:11)
  Pikel (D:9)
  4 centaur zombies
  Joseph (D:10)
  A gargoyle (D:10)
  A yaktaur (D:10)
  Psyche (D:8)
  3 trolls
  A hornet (D:10)
  4 slime creatures (D:11)
  Sigmund (D:4)
  A vampire (D:11)
  7 yaks
  A wyvern (D:9)
  2 vampire mosquitoes (D:11)
  An acid dragon (D:11)
  Duvessa (D:4)
  A water moccasin (D:6)
  2 sky beasts
  3 orc warriors
  An ice beast (D:7)
  An ogre (D:6)
  A black bear (D:4)
  3 wolves (D:10)
  2 lemures (D:9)
  2 centaurs
  2 phantoms
  A kobold brigand (D:8)
  A gnoll sergeant (D:8)
  Dowan (D:4)
  5 killer bees
  4 wights (D:8)
  4 electric eels (D:10)
  7 howler monkeys
  A bullfrog zombie (D:5)
  2 bullfrog skeletons (D:5)
  2 jellies
  4 hounds
  3 orc priests
  3 gnoll shamans (D:4)
  Crazy Yiuf (D:6)
  2 iguanas (D:6)
  Jessica (D:2)
  A scorpion zombie (D:5)
  9 orc wizards
  A killer bee zombie (D:3)
  A hound zombie (D:5)
  A hound skeleton (D:5)
  20 gnolls
  7 adders
  A shadow imp (D:7)
  2 white imps
  2 ufetubi
  3 worms
  2 dart slugs
  29 orcs
  5 ball pythons
  2 bats
  3 endoplasms
  A giant cockroach (D:3)
  6 hobgoblins
  5 quokkas
  7 frilled lizards
  6 goblins
  17 kobolds
  6 rats
230 creatures vanquished.

Vanquished Creatures (collateral kills)
  A foxfire (D:3)
1 creature vanquished.

Vanquished Creatures (others)
  941 foxfires
  5 plants (D:3)
946 creatures vanquished.

Grand Total: 1177 creatures vanquished

Notes
Turn   | Place    | Note
-------+----------+-------------------------------------------
     0 | D:1      | ragingrage the Ogre Fire Elementalist began the quest for
                  | the Orb.
     0 | D:1      | Reached XP level 1. HP: 16/16 MP: 3/3
    31 | D:1      | Reached skill level 1 in Conjurations
   231 | D:1      | Reached XP level 2. HP: 24/24 MP: 5/5
   236 | D:1      | Found a faded altar of an unknown god.
   369 | D:1      | Found Intiubb's Jewellery Emporium.
   642 | D:1      | Learned a level 2 spell: Scorch
  1225 | D:2      | Found Qukk's Armour Emporium.
  1237 | D:2      | Reached XP level 3. HP: 27/31 MP: 1/6
  1779 | D:2      | Reached XP level 4. HP: 34/39 MP: 2/7
  1889 | D:2      | Noticed Jessica
  1897 | D:2      | Killed Jessica
  2883 | D:3      | Learned a level 3 spell: Conjure Flame
  2937 | D:3      | Reached XP level 5. HP: 45/45 MP: 2/8
  3709 | D:4      | Found Bifiosit's Distillery.
  3717 | D:4      | Bought a potion of curing for 36 gold pieces
  3717 | D:4      | Bought a potion of lignification for 36 gold pieces
  3723 | D:4      | Found Ugheixeo's Antique Weapon Boutique.
  3779 | D:4      | Found Dusets's Antique Weapon Boutique.
  4121 | D:4      | Noticed a phantom
  4167 | D:4      | Killed a phantom
  4168 | D:4      | Reached XP level 6. HP: 11/53 MP: 2/9
  4294 | D:4      | Noticed a black bear
  4296 | D:5      | Entered Level 5 of the Dungeon
  4296 | D:5      | Noticed a sky beast
  4303 | D:5      | Killed a sky beast
  4304 | D:5      | Reached skill level 5 in Fire Magic
  4593 | D:5      | Reached XP level 7. HP: 43/59 MP: 1/10
  5030 | D:4      | Found Cuferch's Jewellery Shop.
  5112 | D:4      | Found a shadowy altar of Dithmenos.
  5158 | D:4      | HP: 1/59 [orc (6)]
  5526 | D:4      | Noticed Sigmund
  5539 | D:4      | Reached skill level 5 in Conjurations
  5543 | D:4      | Killed Sigmund
  5743 | D:4      | Noticed Duvessa
  5743 | D:4      | Noticed Dowan
  5753 | D:4      | Reached skill level 10 in Fire Magic
  5753 | D:4      | Reached XP level 8. HP: 67/67 MP: 11/11
  5762 | D:4      | Killed Dowan
  5763 | D:4      | Killed Duvessa
  5764 | D:4      | Reached XP level 9. HP: 74/74 MP: 0/12
  6649 | D:4      | Found a staircase to the Ecumenical Temple.
  7333 | D:5      | Learned a level 4 spell: Flame Wave
  7336 | D:5      | Learned a level 2 spell: Blink
  7460 | D:4      | Bought a potion of heal wounds for 60 gold pieces
  7460 | D:4      | Bought a potion of brilliance for 48 gold pieces
  7589 | D:5      | Found Wiplamuf's Jewellery Boutique.
  7843 | D:5      | Reached skill level 10 in Conjurations
  8138 | D:6      | Found a radiant altar of Vehumet.
  8148 | D:5      | Reached skill level 1 in Translocations
  8896 | D:6      | Found Ivosin's Magic Scroll Shop.
  8909 | D:6      | Reached XP level 10. HP: 63/81 MP: 4/15
  9034 | D:6      | Bought a scroll of identify for 22 gold pieces
  9192 | D:6      | Became a worshipper of Vehumet
  9466 | D:6      | Found a runed translucent door.
  9467 | D:6      | Noticed Crazy Yiuf
  9627 | D:6      | Killed Crazy Yiuf
 10286 | D:7      | Found Wesihol's General Store.
 10340 | D:7      | Found a bloodstained altar of Trog.
 10340 | D:7      | Found an opulent altar of Gozag.
 10345 | D:7      | Found a burning altar of Makhleb.
 10345 | D:7      | Found a white marble altar of Elyvilon.
 10558 | D:8      | Noticed Psyche
 10562 | D:8      | Killed Psyche
 11136 | D:8      | Reached skill level 1 in Fighting
 11367 | D:8      | Reached * piety under Vehumet
 11367 | D:8      | Offered knowledge of Shock by Vehumet.
 12652 | D:9      | Noticed Pikel
 12663 | D:9      | Killed Pikel
 12664 | D:9      | Reached skill level 5 in Spellcasting
 13381 | D:4      | Bought a twisted spear for 160 gold pieces
 13381 | D:4      | Identified the +4 spear "Ropnock" {vorpal, Str+5 Int+9}
                  | (You bought it in a shop on level 4 of the Dungeon)
 13496 | D:10     | Entered Level 10 of the Dungeon
 13902 | D:10     | Reached XP level 11. HP: 82/101 MP: 18/18
 14088 | D:10     | Noticed Joseph
 14096 | D:10     | Reached skill level 5 in Fighting
 14100 | D:10     | Killed Joseph
 14110 | D:10     | HP: 5/105 [gargoyle (9)]
 14879 | D:10     | Found a staircase to the Lair.
 15220 | D:10     | Found a sacrificial altar of Ru.
 15277 | D:11     | Noticed a seven-headed hydra
 15305 | D:11     | Killed a seven-headed hydra
 15409 | D:11     | Noticed Erica
 15416 | D:11     | Killed Erica
 15454 | D:11     | Reached skill level 10 in Fighting
 15657 | D:11     | Reached ** piety under Vehumet
 15662 | D:11     | Offered knowledge of Magic Dart by Vehumet.
 15676 | D:11     | Noticed a boulder beetle
 15692 | D:10     | Slain by a boulder beetle

Illustrated notes

Levels and vault maps discovered:
D:1:      co_arrival_square_in_a_square_in_a_square, layout_loops_ring,
          shapermc_ecumenical_altar_petra, serial_shops,
          nicolae_shop_behind_doors
D:2:      layout_basic, serial_shops, nicolae_shop_stone, minmay_surrounded,
          uniq_jessica
D:3:      layout_basic, lexackson_kobold_supper
D:4:      layout_gridville, mainiacjoe_overflow_paths, temple_hall,
          serial_shops, nicolae_square_shop, nicolae_shop_trees, shop_fountains,
          shop, uniq_duvessa, uniq_sigmund
D:5:      layout_basic, serial_shops, shop
D:6:      layout_basic, vehumet_crystals, kennysheep_windowed_goal,
          uniq_crazy_yiuf_cottage
D:7:      layout_rooms, grunt_temple_overflow_open, serial_shops,
          nicolae_shop_trees
D:8:      layout_basic, uniq_psyche
D:9:      layout_stronghold, minmay_misc_feat_ornament, corner_web_ring,
          uniq_pikel
D:10:     layout_cave_pools, mainiacjoe_overflow_alcove_4, erik_lair_island,
          uniq_joseph
D:11:     layout_cave_pools, hellmonk_guarded_unrand_cigotuvi, uniq_erica

Skill      XL: |  1  2  3  4  5  6  7  8  9 10 11 |
---------------+----------------------------------+-----
Conjurations   | 1 2 3 4 9 10 11 | 11.1
Fire Magic     | 3 4 5 10 11 | 11.1
Spellcasting   | 3 5 |  5.5
Translocations | 2 3 |  3.0
Fighting       | 4 10 | 10.0
Dodging        | |  1.7
Stealth        | |  1.4

Action                   |  1- 3 |  4- 6 |  7- 9 | 10-12 || total
-------------------------+-------+-------+-------+-------++-------
Melee: Dagger            |    52 |    37 |     3 |       ||    92
       Trident           |       |       |    46 |    48 ||    94
       Spear             |       |       |       |    24 ||    24
Throw: Dart              |       |       |       |     3 ||     3
 Cast: Foxfire           |    39 |   117 |   147 |   263 ||   566
       Scorch            |       |     5 |    43 |    53 ||   101
       Flame Wave        |       |       |       |    10 ||    10
       Blink             |       |       |       |     2 ||     2
  Use: Potion            |       |       |     3 |     4 ||     7
       Scroll            |       |       |       |    14 ||    14
 Stab: Sleeping          |     1 |     1 |       |       ||     2
       Distracted        |       |       |       |     1 ||     1
Armor: Robe              |    17 |    11 |    42 |    39 ||   109
       Skin              |       |       |    15 |       ||    15
Dodge: Dodged            |    18 |    22 |    61 |    80 ||   181

Table legend: (Time is in decaauts)
 A = Elapsed time spent in this place.
 B = Non-inter-level travel time spent in this place.
 C = Inter-level travel time spent in this place.
 D = Time resting spent in this place.
 E = Time spent auto-exploring this place.
 F = Levels seen in this place.
 G = Mean time per level.
                   A        B        C        D        E       F      G
               +--------+--------+--------+--------+--------+-----+--------+
         Total |  15748 |  14944 |    804 |   4245 |   8469 |  11 | 1431.6 |
       Dungeon |  15748 |  14944 |    804 |   4245 |   8469 |  11 | 1431.6 |
               +--------+--------+--------+--------+--------+-----+--------+

Top non-repeatable levels by time:
     D:4: 2419 daAuts
     D:5: 2085 daAuts
     D:3: 1849 daAuts
    D:10: 1846 daAuts
     D:9: 1694 daAuts
     D:6: 1350 daAuts
     D:8: 1204 daAuts
     D:2: 1126 daAuts
     D:1: 1123 daAuts
     D:7: 682 daAuts
    D:11: 366 daAuts
